 Dungeon Crawl Stone Soup version 0.31-a0-705-ga145531891 (webtiles) character file.

Game seed: 2031904072783418175

1563 randomguy2701 the Cleaver (level 8, -11/70 HPs)
             Began as a Hill Orc Fighter on Sept 9, 2023.
             Was a Follower of Beogh.
             Mangled by a two-headed ogre
             ... wielding a +0 giant spiked club
              (19 damage)
             ... on level 7 of the Dungeon.
             The game lasted 00:06:44 (5388 turns).

randomguy2701 the Cleaver (Hill Orc Fighter)        Turns: 5388, Time: 00:06:46

Health: -11/70     AC: 19    Str: 19    XL:     8   Next: 89%
Magic:  8/8        EV:  8    Int:  8    God:    Beogh [*.....]
Gold:   320        SH:  5    Dex: 12    Spells: 7/7 levels left

rFire   . . .        D - +1 hand axe (freeze)
rCold   . . .        c - +0 buckler
rNeg    . . .        s - +4 chain mail "Kiviax" {rElec rCorr Stlth+}
rPois   .            m - +0 helmet
rElec   +            (no cloak)
rCorr   +            (no gloves)
SInv    .            (no boots)
Will    .....        (no amulet) Stlth
                     v - +4 ring of protection
HPRegen 0.31/turn    o - ring of flight
MPRegen 0.11/turn

%: no passive effects
@: mighty, flying
A: no striking features
a: Renounce Religion


You were on level 7 of the Dungeon.
You worshipped Beogh.
Beogh was aware of your devotion.
You visited 1 branch of the dungeon, and saw 7 of its levels.

You collected 320 gold pieces.

Inventory:

Hand Weapons
 D - a +1 hand axe of freezing (weapon)
Armour
 c - a +0 buckler (worn)
 m - a +0 helmet (worn)
 s - the +4 chain mail "Kiviax" (worn) {rElec rCorr Stlth+}
   (You found it on level 4 of the Dungeon)

   rElec:     It insulates you from electricity.
   rCorr:     It protects you from acid and corrosion.
   Stlth+:    It makes you more stealthy.
Jewellery
 i - an amulet of faith
 k - a +6 ring of intelligence
 o - a ring of flight (right hand)
 v - a +4 ring of protection (left hand)
 y - a ring of protection from cold
Wands
 r - a wand of flame (9)
Scrolls
 b - 2 scrolls of revelation {unknown}
 e - 4 scrolls of teleportation
 g - a scroll of immolation {unknown}
 h - 5 scrolls of identify
 n - a scroll of vulnerability {unknown}
 t - 2 scrolls of noise {unknown}
 u - a scroll of torment {unknown}
 z - a scroll of brand weapon {unknown}
 A - 2 scrolls of fear {unknown}
 B - a scroll of butterflies {unknown}
Potions
 d - a potion of might
 f - 4 potions of curing
 j - 2 potions of berserk rage {unknown}
 l - a potion of heal wounds
 p - 2 potions of degeneration {unknown}
 q - 2 potions of ambrosia
 w - 2 potions of attraction
 x - 2 potions of haste {unknown}
 C - a potion of mutation {unknown}


   Skills:
 + Level 5.9 Fighting
 + Level 9.9 Axes
 + Level 6.5 Armour
 + Level 1.6 Dodging
 + Level 1.1 Stealth
 + Level 5.1 Shields


You had 7 spell levels left.
You didn't know any spells.
Your spell library contained the following spells:

 Spells                   Type           Power      Damage    Failure   Level
 Frozen Ramparts          Ice            0%         1d1       100%        3
 Ozocubu's Armour         Ice            0%         N/A       100%        3
 Animate Armour           Summ/Erth      0%         N/A       100%        4
 Petrify                  Tmut/Erth      0%         N/A       100%        4
 Summon Lightning Spire   Summ/Air       0%         N/A       100%        4
 Lee's Rapid Deconstruct  Erth           0%         3d4*      100%        5
 Metabolic Englaciation   Hex/Ice        0%         N/A       100%        5
 Ozocubu's Refrigeration  Ice            0%         4d7       100%        7


Dungeon Overview and Level Annotations

Branches:
Dungeon (7/15)
 Temple: D:4-7

Altars:
Dithmenos
Okawaru
Qazlal
Ru
Sif Muna

Shops:
D:6 :


Message History

The two-headed ogre hits you with a +0 giant spiked club!
The two-headed ogre hits you but does no damage.
You hit the water moccasin. You freeze the water moccasin.
The water moccasin is almost dead.
You slash the two-headed ogre! You freeze the two-headed ogre.
The water moccasin closely misses you.
You hit the water moccasin. You freeze the water moccasin.
You kill the water moccasin!
Beogh accepts your kill.
You hit the two-headed ogre. You freeze the two-headed ogre.
The two-headed ogre hits you with a +0 giant spiked club!!
The two-headed ogre hits you but does no damage.
You feel very mighty all of a sudden. The two-headed ogre barely misses you.
The two-headed ogre hits you but does no damage.
The black bear bites you but does no damage.
The black bear claws you but does no damage.
You block the black bear's attack.
You hit the two-headed ogre. You freeze the two-headed ogre.
The two-headed ogre is heavily wounded.
You hit the black bear. You freeze the black bear. The black bear bites you.
The black bear claws you but does no damage. x2
You slash the two-headed ogre! You freeze the two-headed ogre.
The two-headed ogre is almost dead.
You hit the black bear. You freeze the black bear.
The two-headed ogre hits you with a +0 giant spiked club! x2
* * * LOW HITPOINT WARNING * * *
You completely miss the two-headed ogre.
The two-headed ogre is almost dead.
You barely miss the black bear. The black bear bites you.
* * * LOW HITPOINT WARNING * * *
The black bear barely misses you.
The black bear claws you but does no damage.
You hit the two-headed ogre. You freeze the two-headed ogre.
The two-headed ogre is almost dead.
You hit the black bear. You freeze the black bear.
The two-headed ogre hits you with a +0 giant spiked club.
* * * LOW HITPOINT WARNING * * *
The two-headed ogre hits you with a +0 giant spiked club!!
You die...

......... .. ....?......
#.. . .###. ..........#
#...
....#.............##...#
..#...............#...#
..#....#.............##
......##.....##hO....#
.#..#..####.....@...#
.##.#...##.......#.##
.##.......).....## #
.##......##.....###
.###.....##.......#
.###.......#.....##
.............#..##
.............##.#
..............###


You could see a two-headed ogre and a black bear.

Vanquished Creatures
  A steam dragon (D:6)
  A water moccasin (D:7)
  An ice beast (D:6)
  A kobold brigand (D:6)
  A phantom (D:5)
  Blork the orc (D:6)
  A bullfrog (D:7)
  2 scorpions (D:6)
  3 wights (D:7)
  A howler monkey (D:5)
  4 hounds
  A jelly (D:4)
  6 iguanas
  5 orc wizards
  2 gnolls (D:5)
  8 adders
  A shadow imp (D:5)
  2 ufetubi (D:6)
  4 worms
  2 dart slugs
  22 orcs
  3 ball pythons
  7 endoplasms
  10 goblins
  8 hobgoblins
  4 jackals (D:5)
  5 quokkas
  2 bats
  17 kobolds
  7 rats
133 creatures vanquished.

Vanquished Creatures (others)
  A white imp (D:5)
  2 orcs (D:5)
3 creatures vanquished.

Grand Total: 136 creatures vanquished

Notes
Turn   | Place    | Note
-------+----------+-------------------------------------------
     0 | D:1      | randomguy2701 the Hill Orc Fighter began the quest for the
                  | Orb.
     0 | D:1      | Reached XP level 1. HP: 19/19 MP: 1/1
   252 | D:1      | Reached XP level 2. HP: 27/27 MP: 2/2
   316 | D:1      | Reached skill level 3 in Axes
   733 | D:2      | Reached XP level 3. HP: 33/33 MP: 3/3
   941 | D:2      | Found a faded altar of an unknown god.
  1372 | D:3      | Reached XP level 4. HP: 26/40 MP: 4/4
  1553 | D:3      | Reached skill level 4 in Axes
  1886 | D:4      | Identified the +4 chain mail "Kiviax" {rElec rCorr Stlth+}
  1932 | D:4      | Reached XP level 5. HP: 34/46 MP: 5/5
  2045 | D:5      | Entered Level 5 of the Dungeon
  2668 | D:5      | Reached skill level 5 in Axes
  2668 | D:5      | Reached XP level 6. HP: 33/45 MP: 6/6
  2814 | D:5      | Reached skill level 5 in Armour
  2906 | D:5      | Found a shadowy altar of Dithmenos.
  2992 | D:5      | Reached skill level 6 in Axes
  2993 | D:5      | Became a worshipper of Beogh the Brigand
  2999 | D:5      | Reached XP level 7. HP: 49/60 MP: 7/7
  3118 | D:5      | Found a stormy altar of Qazlal.
  3165 | D:5      | Found a shimmering blue altar of Sif Muna.
  3428 | D:5      | Found an iron altar of Okawaru.
  3487 | D:4      | Reached skill level 7 in Axes
  3626 | D:4      | Found a sacrificial altar of Ru.
  3942 | D:6      | Found Fyduh's Book Emporium.
  3976 | D:6      | Reached skill level 5 in Fighting
  4041 | D:6      | Reached skill level 1 in Dodging
  4127 | D:6      | Reached * piety under Beogh
  4128 | D:6      | Reached skill level 8 in Axes
  4205 | D:6      | Reached XP level 8. HP: 66/68 MP: 8/8
  4874 | D:6      | Noticed Blork the orc
  4884 | D:6      | Killed Blork the orc
  4889 | D:6      | Reached skill level 9 in Axes
  4889 | D:6      | Reached skill level 1 in Stealth
  5243 | D:7      | Reached skill level 5 in Shields
  5373 | D:7      | Noticed a two-headed ogre
  5388 | D:7      | Mangled by a two-headed ogre

Illustrated notes

Levels and vault maps discovered:
D:1:      minmay_arrival_four_houses, layout_loops_ring
D:2:      layout_loops_ring, hellmonk_ecumenical_altar_heavens_door
D:3:      layout_basic
D:4:      layout_cave_pools, nicolae_ru_awakened_eye, serial_column_ruins,
          column_ruins_hut, column_ruins_courtyard_long,
          column_ruins_open_small, column_ruins_columns_straight,
          column_ruins_columns_straight, column_ruins_columns_corner,
          column_ruins_open_tiny, column_ruins_grid_4
D:5:      corexii_shantytown, layout_basic, grunt_dithmenos_smoke,
          kennysheep_okawaru_gauntlet, grunt_temple_overflow_open,
          nicolae_concentric_dashed_squares_mild, lemuel_flamethrower_1
D:6:      layout_basic, serial_shops, shop, uniq_blork_the_orc
D:7:      layout_cave_pools, kennysheep_ying_yang,
          minmay_temple_entry_from_below_a

Skill      XL: |  1  2  3  4  5  6  7  8 |
---------------+-------------------------+-----
Axes           | 3 4 5 6 8 9 |  9.9
Fighting       | 4 5 |  5.9
Armour         | 4 5 6 |  6.5
Shields        | 4 5 |  5.1
Dodging        | 1 |  1.6
Stealth        | 1 |  1.1

Action                     |  1- 3 |  4- 6 |  7- 9 || total
---------------------------+-------+-------+-------++-------
  Melee: War axe           |    83 |   216 |   192 ||   491
         Hand axe          |       |       |    34 ||    34
 Invoke: Convert to Beogh  |       |     1 |       ||     1
    Use: Scroll            |       |       |     5 ||     5
         Potion            |       |       |     1 ||     1
 Armour: Scale mail        |    63 |    25 |       ||    88
         Chain mail        |       |   161 |   218 ||   379
  Dodge: Dodged            |    39 |    97 |   106 ||   242
  Block: Buckler           |    18 |    58 |    53 ||   129

Table legend: (Time is in decaauts)
 A = Elapsed time spent in this place.
 B = Non-inter-level travel time spent in this place.
 C = Inter-level travel time spent in this place.
 D = Time resting spent in this place.
 E = Time spent auto-exploring this place.
 F = Levels seen in this place.
 G = Mean time per level.
                   A        B        C        D        E       F      G
               +--------+--------+--------+--------+--------+-----+--------+
         Total |   5510 |   5123 |    387 |      0 |   4028 |   7 |  787.1 |
       Dungeon |   5510 |   5123 |    387 |      0 |   4028 |   7 |  787.1 |
               +--------+--------+--------+--------+--------+-----+--------+

Top non-repeatable levels by time:
     D:5: 1533 daAuts
     D:6: 1201 daAuts
     D:2: 750 daAuts
     D:1: 678 daAuts
     D:4: 622 daAuts
     D:3: 575 daAuts
     D:7: 149 daAuts
